AoeStats
← Fat Mike

MegaRandom

508231439Analyzed
4v4 RM · 11d ago on Sep 21, 2026· 46m 49s· 8 players
Game mode
Random Map
Map size
Large (8 player)
Population
200
Speed
Normal
Resources
Standard
Victory
Conquest
Starting age
Dark Age
Ending age
Imperial Age
RankedLock teamsTeams togetherTeam positionsShared explorationLock speedFull tech treeHidden civsTurbo modeCheats
Victory
Defeat
🇻🇳 Poles · Vietnam
1202
+12
🇨🇳 Persians · China
1180
+13
1135
+15
🇨🇳 Aztecs · China
1120
+15
🇬🇧 Saracens · United Kingdom
1133
-15
🇫🇷 Celts · France
1120
-14
🇨🇳 Bulgarians · China
1102
-13
🇪🇸 Goths · Spain
1093
-13
等我直帝进供给你们
10:55 Feudal Age
11:22 Loom
11:41 Double-Bit Axe
18:06 Bloodlines
20:12 Horse Collar
23:12 Castle Age
23:17 Scale Barding Armor
23:22 Forging
24:17 Husbandry
24:42 Chain Barding Armor
27:18 Iron Casting
27:06 Bow Saw
28:14 Heavy Plow
30:08 Wheelbarrow
33:18 Hand Cart
37:08 Imperial Age
36:48 Stone Mining
36:48 Gold Mining
36:48 Stone Mining
37:51 Cavalier
40:11 Plate Barding Armor
42:04 Blast Furnace
43:12 Stone Shaft Mining
43:12 Gold Shaft Mining
43:12 Stone Shaft Mining
42:55 Town Watch
42:55 Town Watch
45:04 Double Crossbow
45:27 Conscription
44:33 Elite Ballista Elephant
46:37 Padded Archer Armor
46:27 Fletching
三条柒
3:30 Loom
10:43 Feudal Age
15:49 Castle Age
14:22 Horse Collar
15:04 Double-Bit Axe
17:05 Bow Saw
17:09 Scale Mail Armor
18:14 Chain Mail Armor
18:00 Gold Mining
18:34 Eagle Warrior
19:52 Squires
20:10 Forging
22:04 Wheelbarrow
21:37 Squires
23:33 Town Watch
24:01 Arson
25:31 Iron Casting
26:51 Hand Cart
30:03 Gold Shaft Mining
29:22 Stone Mining
30:08 Gold Shaft Mining
29:50 Gambesons
36:05 Heavy Plow
38:30 Fortified Wall
39:09 Fletching
41:56 Imperial Age
41:37 Bodkin Arrow
42:26 Murder Holes
41:59 Elite Jaguar Warrior
43:00 Conscription
43:32 Conscription
43:38 Bracer
44:09 Plate Mail Armor
44:39 Blast Furnace
hungnguyensi689
0:47 Loom
11:12 Feudal Age
16:06 Castle Age
15:18 Double-Bit Axe
15:17 Horse Collar
28:26 Wheelbarrow
32:22 Imperial Age
29:52 Town Watch
30:29 Hand Cart
31:10 Town Patrol
32:05 Bloodlines
31:16 Light Cavalry
31:56 Husbandry
32:08 Forging
32:04 Scale Barding Armor
32:30 Winged Hussar
33:48 Iron Casting
33:25 Bow Saw
33:16 Heavy Plow
34:02 Chain Barding Armor
36:16 Blast Furnace
35:42 Conscription
36:14 Lechitic Legacy
45:47 Crop Rotation
ybsngs
4:54 Loom
11:18 Feudal Age
14:54 Castle Age
13:28 Double-Bit Axe
19:32 Town Watch
21:40 Fervor
22:52 Wheelbarrow
29:14 Imperial Age
28:04 Forging
28:00 Scale Barding Armor
28:48 Bloodlines
28:40 Husbandry
28:57 Cavalier
30:45 Iron Casting
30:58 Savar
32:31 Chain Barding Armor
33:12 Blast Furnace
33:14 Chemistry
32:34 Ballistics
33:47 Plate Barding Armor
33:12 Light Cavalry
34:58 Conscription
35:13 Kamandaran
35:11 Murder Holes
35:24 Fletching
35:35 Padded Archer Armor
35:11 Hussar
36:58 Bow Saw
36:32 Horse Collar
36:44 Gold Mining
36:46 Stone Mining
37:14 Herbal Medicine
37:34 Elite Skirmisher
38:20 Thumb Ring
37:36 Crossbowman
38:13 Bodkin Arrow
38:33 Leather Archer Armor
39:59 Hand Cart
39:44 Town Patrol
40:22 Ring Archer Armor
42:27 Scale Mail Armor
42:40 Masonry
46:12 Capped Ram
46:13 Onager
Legendario
0:29 Loom
14:06 Feudal Age
18:10 Castle Age
16:27 Double-Bit Axe
27:52 Wheelbarrow
29:40 Horse Collar
30:15 Bow Saw
29:38 Pikeman
30:19 Squires
34:54 Imperial Age
33:24 Heavy Plow
34:06 Scale Mail Armor
34:16 Forging
34:28 Hand Cart
36:03 Iron Casting
36:19 Crop Rotation
36:25 Conscription
36:06 Perfusion
35:29 Halberdier
37:58 Blast Furnace
37:14 Chain Mail Armor
37:44 Fletching
39:15 Two-Man Saw
38:45 Town Watch
41:22 Bodkin Arrow
41:16 Man-at-Arms
42:01 Long Swordsman
42:49 Anarchy
42:11 Elite Huskarl
42:41 Two-Handed Swordsman
43:39 Murder Holes
43:55 Masonry
44:05 Ballistics
44:46 Chemistry
43:23 Champion
Fat Mike
8:43 Loom
11:15 Feudal Age
12:49 Horse Collar
17:27 Castle Age
16:08 Double-Bit Axe
17:42 Town Watch
19:59 Wheelbarrow
25:10 Fletching
27:45 Hand Cart
28:18 Scale Barding Armor
28:24 Forging
28:50 Husbandry
29:55 Bloodlines
35:14 Imperial Age
34:06 Town Patrol
34:46 Stone Mining
34:47 Gold Mining
35:55 Chain Barding Armor
36:11 Iron Casting
36:23 Conscription
36:37 Heavy Camel Rider
43:58 Bow Saw
steven.gimenez
0:59 Loom
10:37 Feudal Age
15:57 Castle Age
14:56 Double-Bit Axe
14:51 Horse Collar
25:28 Bow Saw
26:28 Scale Mail Armor
27:36 Forging
28:20 Chain Mail Armor
29:14 Iron Casting
33:02 Imperial Age
30:42 Arson
33:28 Wheelbarrow
33:43 Heavy Plow
34:19 Plate Mail Armor
34:50 Blast Furnace
34:44 Conscription
35:56 Elite Woad Raider
38:28 Fletching
39:40 Ballistics
42:25 Bodkin Arrow
73624617386501790
3:12 Loom
9:07 Feudal Age
9:47 Double-Bit Axe
12:24 Scale Barding Armor
12:29 Forging
20:30 Castle Age
19:22 Horse Collar
22:00 Heavy Plow
22:13 Bow Saw
23:24 Gold Mining
25:32 Bloodlines
26:05 Forging
26:06 Husbandry
27:53 Iron Casting
38:37 Wheelbarrow
41:41 Imperial Age
39:54 Hand Cart
39:29 Pikeman
40:09 Squires
39:54 Arson
41:12 Scale Mail Armor
41:46 Town Watch
42:38 Chain Mail Armor
43:23 Blast Furnace
41:49 Halberdier
45:54 Plate Mail Armor
Connection lost

Rejoining the realm…

Still unreachable

The connection could not be restored.

Session expired

The server has moved on; the page needs a fresh start.